cohdb
Replays
Latest Replays
All Replays
Popular Replays
Top Player Replays
Match Explorer
How It Works
Community
CoH3 Stats
Reddit
Sign in to upload your games and track your stats! →
Sign in with Steam
Match 44522285
Unlisted
Match 44522285
Overview
Messages
Build Orders
End
Pioneer Squad
Construct Infanterie Kompanie
Selects Breakthrough Battlegroup
Selects Assault Grenadiers
Grenadier Squad
Grenadier Squad
Grenadier Squad
Construct Luftwaffe Kompanie
Selects Rapid Production
Selects Breakthrough
221 Scout Car
Jäger Squad
GrW 34 Mortar Team
MG 42 Machine Gun Team
Breakthrough
Support Elements
Medical Bunker
Wirbelwind Flakpanzer
Wirbelwind Flakpanzer
Breakthrough
Wirbelwind Flakpanzer
Selects Blitzkrieg
Construct Panzer Kompanie
Wirbelwind Flakpanzer
Selects Tiger Heavy Tank
Blitzkrieg
Breakthrough
Tiger Heavy Tank
Pioneer Squad
Blitzkrieg
Wirbelwind Flakpanzer
咚咚锵个腿
秃鹫k
0
0
Comments
sign in to comment!
No comments posted yet!